 Dungeon Crawl Stone Soup version 0.29.0-4-gdea44cf6ec (webtiles) character file.

Game seed: 11120224357235284228

5740 qw the Grappler (level 10, -5/96 HPs)
             Began as a Troll Cinder Acolyte on Aug 30, 2022.
             Was a Believer of Ignis.
             Succumbed to Urug's poison
             ... on level 1 of the Lair of Beasts.
             The game lasted 00:03:07 (6768 turns).

qw the Grappler (Troll Cinder Acolyte)              Turns: 6768, Time: 00:03:07

Health: -5/96      AC: 11    Str: 28    XL:     10   Next: 49%
Magic:  10/10      EV:  9    Int: 10    God:    Ignis [**....]
Gold:   531        SH:  7    Dex:  5    Spells: 11/11 levels left

rFire   + + .      SeeInvis .     - Unarmed
rCold   . . .      Faith    .   i - +0 kite shield
rNeg    . . .      Spirit   .   a - +0 robe
rPois   .          Reflect  .   (helmet restricted)
rElec   .          Harm     .   (no cloak)
rCorr   .          Rampage  .   (gloves unavailable)
Will    .....                   (boots unavailable)
Stlth   +.........              (no amulet)
HPRegen 1.06/turn               e - +1 ring of evasion
MPRegen 0.12/turn               (no ring)

@: lethally poisoned (-5 -> -43), about to teleport, fiery-armoured
A: large, unfitting armour, claws 3, regeneration 1, shaggy fur 1, tough skin 1,
fire resistance 1
a: Renounce Religion, Fiery Armour, Foxfire Swarm, Rising Flame


You were on level 1 of the Lair of Beasts.
You worshipped Ignis.
Ignis was pleased with you.
You visited 2 branches of the dungeon, and saw 9 of its levels.

You collected 662 gold pieces.
You spent 131 gold pieces at shops.


Innate Abilities, Weirdness & Mutations

You are too large for most types of armour.
You have claws for hands.
Your natural rate of healing is unusually fast.
You are covered in fur. (AC +1)
You have tough skin. (AC +1)
Your flesh is heat resistant. (rF+)


   Skills:
 - Level 5.0 Fighting
 - Level 4.8 Throwing
 - Level 1.2 Dodging
 + Level 3.8 Shields
 - Level 13.2 Unarmed Combat
 - Level 1.0 Spellcasting
 - Level 2.1 Fire Magic


You had 11 spell levels left.
You didn't know any spells.
Your spell library contained the following spells:

 Spells                   Type           Power      Damage    Failure   Level
 Scorch                   Fire           8%         2d5       45%         2

Inventory:

Missiles
 h - 4 boomerangs
 j - 2 silver boomerangs (quivered)
 n - a large rock
Armour
 a - a +0 robe (worn)
 i - a +0 kite shield (worn)
Jewellery
 e - a +1 ring of evasion (left claw)
Scrolls
 d - 6 scrolls of identify
 f - a scroll of teleportation
 k - a scroll of enchant armour
 m - a scroll of enchant weapon
Potions
 b - a potion of cancellation
 c - 2 potions of mutation
 g - 2 potions of might
 l - a potion of resistance

Dungeon Overview and Level Annotations

Branches:
Dungeon (8/15)             Temple (0/1) D:4            Lair (1/5) D:8

Altars:

Shops:
D:3 ?   D:4 ==

Annotations:
Lair:1 Urug


Message History

6761 ||| INVOKING Fiery Armour.
A protective cloak of flame settles atop you.
Urug hits you with a +5 war axe of venom!
You are poisoned.
You scratch Urug.
Urug is lightly wounded.
You feel very sick.
Urug hits you with a +5 war axe of venom!
You are more poisoned.
Urug completely resists.
You mangle Urug!!
Urug is moderately wounded.
You feel very sick.
You scratch Urug but do no damage.
Urug is moderately wounded.
You feel very sick.
Urug hits you with a +5 war axe of venom!
You are more poisoned.
Urug resists.
Urug is burned by your cloak of flames.
Urug is moderately wounded.
You scratch Urug but do no damage.
Urug is moderately wounded.
You feel extremely sick.
Urug hits you with a +5 war axe of venom!
You are lethally poisoned!
You scratch Urug.
Urug is heavily wounded.
You feel extremely sick.
Urug zaps a wand.
You easily resist.
You barely miss Urug.
Urug is heavily wounded.
You feel extremely sick.
Urug hits you with a +5 war axe of venom!
You are more poisoned.
Urug resists.
Urug is burned by your cloak of flames.
Urug is heavily wounded.
6768 ||| READING 2 scrolls of teleportation.
As you read the scroll of teleportation, it crumbles to dust.
You feel strangely unstable.
You die...

## # ##..# .#.## ####
##....### ###.#.##...
##P.# ...###...P....#
....###............##
.#...# P..##..[..o..#
.....###..###...@#..#
..........# #...##
..#
......|...###...##
...
##P..###.........#
...
###...###..........#
.. #....##
#......###.... o
.....# #......# ....#
.##..# #....### ....
P###.. #....# ..>


You could see Urug.

Vanquished Creatures
  A hydra (Lair:1)
  Pikel (D:5)
  An elephant (D:8)
  A yak (D:8)
  A shadow (D:7)
  2 wyverns
  4 hogs (D:8)
  A human (D:8)
  A steam dragon (D:8)
  4 water moccasins
  2 sky beasts (D:7)
  2 black bears (D:8)
  An ice beast (D:8)
  2 ogres (D:5)
  2 centaurs (D:8)
  A lemure (D:5)
  A phantom (D:5)
  4 bullfrogs
  A gnoll sergeant (D:8)
  2 necrophages
  2 scorpions
  3 wights (D:8)
  3 killer bees (D:7)
  4 howler monkeys
  2 hounds (D:5)
  2 orc priests
  3 jellies
  Ijyb (D:5)
  2 iguanas
  2 orc wizards
  4 hell rats (Lair:1)
  4 gnolls (D:8)
  7 adders
  2 white imps (D:6)
  29 orcs
  9 ball pythons
  4 bats
  3 endoplasms
  5 giant cockroaches
  4 goblins
  6 hobgoblins
  2 kobolds (D:3)
  2 quokkas
  3 frilled lizards
  A rat (D:3)
144 creatures vanquished.

Vanquished Creatures (others)
  A fungus (Lair:1)
  A plant (D:8)
2 creatures vanquished.

Grand Total: 146 creatures vanquished

Notes
Turn   | Place    | Note
-------+----------+-------------------------------------------
     0 | D:1      | qw the Troll Cinder Acolyte began the quest for the Orb.
     0 | D:1      | Reached XP level 1. HP: 22/22 MP: 1/1
     0 | D:1      | 0 ||| qw: Version: 0.1-a-95-gae9e614
     0 | D:1      | 0 ||| qw: Game counter: 4420
     0 | D:1      | 0 ||| qw: Always use a shield: true
     0 | D:1      | 0 ||| qw: God list: Okawaru
     0 | D:1      | 0 ||| qw: Allow faded altars: false
     0 | D:1      | 0 ||| qw: Do Orc after D:15 true
     0 | D:1      | 0 ||| qw: Do second Lair branch before Depths: true
     0 | D:1      | 0 ||| qw: Lair rune preference: random
     0 | D:1      | 0 ||| qw: Plans: Normal
     0 | D:1      | 0 ||| PLANNING D:1-11
   419 | D:1      | Reached XP level 2. HP: 23/29 MP: 2/2
   528 | D:1      | 528 ||| READING scroll labelled KIKESU NUES.
   629 | D:1      | 629 ||| READING 2 scrolls labelled WESTRA IRAULE.
   752 | D:2      | 752 ||| Stepping ~*~*~tactically~*~*~ (outnumbered).
   753 | D:2      | 753 ||| Stepping ~*~*~tactically~*~*~ (outnumbered).
   754 | D:2      | 754 ||| Stepping ~*~*~tactically~*~*~ (outnumbered).
   755 | D:2      | 755 ||| Stepping ~*~*~tactically~*~*~ (outnumbered).
   756 | D:2      | 756 ||| Stepping ~*~*~tactically~*~*~ (outnumbered).
   759 | D:2      | Reached skill level 4 in Unarmed Combat
   823 | D:2      | Reached XP level 3. HP: 33/36 MP: 3/3
  1620 | D:2      | 1620 ||| READING scroll labelled QIPPEC MAJYROPT.
  1621 | D:2      | 1621 ||| READING scroll labelled ITUOQU QORUTUBB.
  1622 | D:2      | 1622 ||| READING scroll labelled BONOENOBOF.
  1623 | D:2      | 1623 ||| DRINKING 2 green potions.
  1623 | D:2      | Gained mutation: Your flesh is heat resistant. (rF+)
                  | [potion of mutation]
  1624 | D:2      | 1624 ||| READING 2 scrolls of identify.
  1624 | D:2      | 1624 ||| IDENTIFYING dark potion
  1693 | D:3      | 1693 ||| INVOKING Fiery Armour.
  1696 | D:3      | 1696 ||| Stepping ~*~*~tactically~*~*~ (outnumbered).
  1697 | D:3      | 1697 ||| Stepping ~*~*~tactically~*~*~ (outnumbered).
  1701 | D:3      | Reached XP level 4. HP: 40/44 MP: 4/4
  1702 | D:3      | Reached skill level 5 in Unarmed Combat
  1728 | D:3      | Found Bakuipy's Magic Scroll Shoppe.
  1738 | D:3      | 1738 ||| BUYING scroll of enchant armour (75 gold).
  1738 | D:3      | Bought a scroll of enchant armour for 75 gold pieces
  1738 | D:3      | 1738 ||| SHOPLISTING scroll of enchant weapon (75 gold,
                  | have 42).
  1738 | D:3      | 1738 ||| BUYING scroll of identify (20 gold).
  1738 | D:3      | Bought a scroll of identify for 20 gold pieces
  1738 | D:3      | 1738 ||| SHOPLISTING scroll of teleportation (30 gold, have
                  | 22).
  1952 | D:3      | 1952 ||| Stepping ~*~*~tactically~*~*~ (stealth).
  1955 | D:3      | Noticed a golden eye
  1957 | D:3      | 1957 ||| Stepping ~*~*~tactically~*~*~ (hiding).
  1963 | D:3      | 1963 ||| Stepping ~*~*~tactically~*~*~ (outnumbered).
  1964 | D:3      | 1964 ||| Stepping ~*~*~tactically~*~*~ (outnumbered).
  1976 | D:3      | Noticed a floating eye
  1978 | D:3      | Found a faded altar of an unknown god.
  1989 | D:3      | Noticed an eye of devastation
  1995 | D:3      | Noticed a golden eye
  2158 | D:3      | 2158 ||| READING scroll labelled TES ZENIVEIVYWK.
  2161 | D:3      | 2161 ||| READING scroll labelled FEDAUL IV ITUF.
  2162 | D:3      | 2162 ||| DRINKING 2 fuming red potions.
  2266 | D:3      | 2266 ||| DRINKING 2 yellow potions.
  2267 | D:3      | 2267 ||| READING 4 scrolls of identify.
  2267 | D:3      | 2267 ||| IDENTIFYING sedimented amethyst potion
  2268 | D:3      | 2268 ||| READING 3 scrolls of identify.
  2268 | D:3      | 2268 ||| IDENTIFYING silvery potion
  2269 | D:3      | 2269 ||| READING 2 scrolls of identify.
  2269 | D:3      | 2269 ||| IDENTIFYING pink potion
  2270 | D:3      | 2270 ||| DROPPING potion of berserk rage.
  2271 | D:3      | 2271 ||| DROPPING potion of lignification.
  2272 | D:3      | 2272 ||| DROPPING potion of ambrosia.
  2273 | D:3      | 2273 ||| DROPPING potion of invisibility.
  2299 | D:4      | Noticed a scorpion
  2325 | D:4      | Killed a scorpion
  2326 | D:4      | Reached skill level 1 in Throwing
  2326 | D:4      | Reached XP level 5. HP: 50/50 MP: 5/5
  2393 | D:4      | Found a staircase to the Ecumenical Temple.
  2463 | D:4      | 2463 ||| Stepping ~*~*~tactically~*~*~ (outnumbered).
  2464 | D:4      | 2464 ||| Stepping ~*~*~tactically~*~*~ (outnumbered).
  2535 | D:4      | Found Poubi's One-of-a-Kind Rings.
  2540 | D:4      | 2540 ||| BUYING +1 ring of evasion (36 gold).
  2540 | D:4      | Bought a +1 ring of evasion for 36 gold pieces
  2540 | D:4      | 2540 ||| SHOPLISTING +2 ring of slaying (252 gold, have
                  | 78).
  2540 | D:4      | 2540 ||| SHOPLISTING +7 ring of slaying (2071 gold, have
                  | 78).
  2540 | D:4      | 2540 ||| SHOPLISTING +8 ring of strength (660 gold, have
                  | 78).
  2540 | D:4      | 2540 ||| SHOPLISTING +9 ring of dexterity (936 gold, have
                  | 78).
  2540 | D:4      | 2540 ||| SHOPLISTING ring of Patience {EV+4 Int+6} (667
                  | gold, have 78).
  2564 | D:4      | Found Geliuklo's Jewellery Boutique.
  2569 | D:4      | 2569 ||| SHOPLISTING +4 ring of evasion (504 gold, have
                  | 78).
  2569 | D:4      | 2569 ||| SHOPLISTING +4 ring of protection (504 gold, have
                  | 78).
  2569 | D:4      | 2569 ||| SHOPLISTING +6 ring of dexterity (504 gold, have
                  | 78).
  2569 | D:4      | 2569 ||| SHOPLISTING amulet of reflection (420 gold, have
                  | 78).
  2569 | D:4      | 2569 ||| SHOPLISTING amulet of regeneration (420 gold, have
                  | 78).
  2569 | D:4      | 2569 ||| SHOPLISTING ring of poison resistance (280 gold,
                  | have 78).
  2569 | D:4      | 2569 ||| SHOPLISTING ring of resist corrosion (280 gold,
                  | have 78).
  2569 | D:4      | 2569 ||| SHOPLISTING ring of see invisible (210 gold, have
                  | 78).
  2577 | D:4      | Reached skill level 6 in Unarmed Combat
  2722 | D:4      | 2722 ||| Stepping ~*~*~tactically~*~*~ (outnumbered).
  2723 | D:4      | 2723 ||| Stepping ~*~*~tactically~*~*~ (outnumbered).
  2724 | D:4      | 2724 ||| Stepping ~*~*~tactically~*~*~ (outnumbered).
  2942 | D:4      | You fall into a shaft and drop 3 floors!
  2950 | D:7      | 2950 ||| UPGRADING to +1 ring of evasion.
  2951 | D:7      | 2951 ||| READING 4 scrolls of identify.
  2951 | D:7      | 2951 ||| IDENTIFYING sedimented sapphire potion
  2952 | D:7      | 2952 ||| READING 3 scrolls of identify.
  2952 | D:7      | 2952 ||| IDENTIFYING grey potion
  2953 | D:7      | 2953 ||| DROPPING potion of brilliance.
  2989 | D:5      | Entered Level 5 of the Dungeon
  3355 | D:5      | Reached XP level 6. HP: 59/59 MP: 6/6
  3423 | D:5      | 3423 ||| INVOKING Fiery Armour.
  3426 | D:5      | Reached skill level 7 in Unarmed Combat
  3505 | D:5      | 3505 ||| Stepping ~*~*~tactically~*~*~ (stealth).
  3521 | D:5      | Reached XP level 7. HP: 66/66 MP: 7/7
  3545 | D:5      | 3545 ||| Stepping ~*~*~tactically~*~*~ (outnumbered).
  3555 | D:5      | Reached skill level 8 in Unarmed Combat
  3556 | D:5      | 3556 ||| INVOKING Fiery Armour.
  3569 | D:5      | Noticed Pikel
  3575 | D:5      | Killed Pikel
  3576 | D:5      | Reached XP level 8. HP: 34/80 MP: 8/8
  3603 | D:5      | Noticed Ijyb
  3604 | D:5      | 3604 ||| Stepping ~*~*~tactically~*~*~ (stealth).
  3605 | D:5      | 3605 ||| Stepping ~*~*~tactically~*~*~ (stealth).
  3609 | D:5      | Killed Ijyb
  3703 | D:5      | Reached skill level 3 in Throwing
  4191 | D:6      | 4191 ||| Stepping ~*~*~tactically~*~*~ (stealth).
  4192 | D:6      | 4192 ||| Stepping ~*~*~tactically~*~*~ (stealth).
  4209 | D:6      | 4209 ||| Stepping ~*~*~tactically~*~*~ (stealth).
  4263 | D:6      | 4263 ||| FLEEEEING.
  4279 | D:6      | 4279 ||| Stepping ~*~*~tactically~*~*~ (outnumbered).
  4280 | D:6      | 4280 ||| Stepping ~*~*~tactically~*~*~ (outnumbered).
  4281 | D:6      | 4281 ||| Stepping ~*~*~tactically~*~*~ (outnumbered).
  4282 | D:6      | 4282 ||| Stepping ~*~*~tactically~*~*~ (outnumbered).
  4283 | D:6      | 4283 ||| Stepping ~*~*~tactically~*~*~ (outnumbered).
  4284 | D:6      | 4284 ||| Stepping ~*~*~tactically~*~*~ (outnumbered).
  4286 | D:6      | 4286 ||| Stepping ~*~*~tactically~*~*~ (outnumbered).
  4287 | D:6      | 4287 ||| Stepping ~*~*~tactically~*~*~ (outnumbered).
  4288 | D:6      | 4288 ||| Stepping ~*~*~tactically~*~*~ (outnumbered).
  4289 | D:6      | 4289 ||| Stepping ~*~*~tactically~*~*~ (outnumbered).
  4290 | D:6      | 4290 ||| Stepping ~*~*~tactically~*~*~ (outnumbered).
  4291 | D:6      | 4291 ||| Stepping ~*~*~tactically~*~*~ (outnumbered).
  4293 | D:6      | 4293 ||| Stepping ~*~*~tactically~*~*~ (outnumbered).
  4294 | D:6      | 4294 ||| Stepping ~*~*~tactically~*~*~ (outnumbered).
  4295 | D:6      | 4295 ||| Stepping ~*~*~tactically~*~*~ (outnumbered).
  4296 | D:6      | 4296 ||| STAIRDANCE
  4315 | D:6      | 4315 ||| Stepping ~*~*~tactically~*~*~ (outnumbered).
  4316 | D:6      | 4316 ||| Stepping ~*~*~tactically~*~*~ (outnumbered).
  4317 | D:6      | 4317 ||| Stepping ~*~*~tactically~*~*~ (outnumbered).
  4318 | D:6      | 4318 ||| Stepping ~*~*~tactically~*~*~ (outnumbered).
  4319 | D:6      | 4319 ||| Stepping ~*~*~tactically~*~*~ (outnumbered).
  4320 | D:6      | 4320 ||| Stepping ~*~*~tactically~*~*~ (outnumbered).
  4321 | D:6      | 4321 ||| Stepping ~*~*~tactically~*~*~ (outnumbered).
  4322 | D:6      | 4322 ||| Stepping ~*~*~tactically~*~*~ (outnumbered).
  4323 | D:6      | 4323 ||| Stepping ~*~*~tactically~*~*~ (outnumbered).
  4324 | D:6      | 4324 ||| Stepping ~*~*~tactically~*~*~ (outnumbered).
  4325 | D:6      | 4325 ||| Stepping ~*~*~tactically~*~*~ (outnumbered).
  4592 | D:6      | 4592 ||| READING scroll labelled AXZEEV VUHELIE.
  4641 | D:7      | Reached skill level 9 in Unarmed Combat
  4663 | D:7      | Reached skill level 1 in Dodging
  4904 | D:7      | 4904 ||| INVOKING Fiery Armour.
  4907 | D:7      | Reached skill level 10 in Unarmed Combat
  4907 | D:7      | Reached XP level 9. HP: 37/88 MP: 9/9
  5122 | D:7      | 5122 ||| INVOKING Fiery Armour.
  5123 | D:7      | 5123 ||| Stepping ~*~*~tactically~*~*~ (outnumbered).
  5124 | D:7      | HP: 22/88 [killer bee (7)]
  5125 | D:7      | 5125 ||| READING 3 scrolls of teleportation.
  5126 | D:7      | 5126 ||| DRINKING potion of heal wounds.
  5127 | D:7      | 5127 ||| Stepping ~*~*~tactically~*~*~ (outnumbered).
  5128 | D:7      | 5128 ||| Stepping ~*~*~tactically~*~*~ (outnumbered).
  5256 | D:7      | 5256 ||| Stepping ~*~*~tactically~*~*~ (stealth).
  5287 | D:7      | 5287 ||| READING scroll labelled KAHENY BOANIXU.
  5288 | D:7      | 5288 ||| READING 6 scrolls of identify.
  5288 | D:7      | 5288 ||| IDENTIFYING fuming puce potion
  5289 | D:7      | 5289 ||| READING 2 scrolls of teleportation.
  5326 | D:8      | 5326 ||| Stepping ~*~*~tactically~*~*~ (stealth).
  5328 | D:8      | 5328 ||| Stepping ~*~*~tactically~*~*~ (outnumbered).
  5329 | D:8      | 5329 ||| Stepping ~*~*~tactically~*~*~ (outnumbered).
  5330 | D:8      | 5330 ||| Stepping ~*~*~tactically~*~*~ (outnumbered).
  5331 | D:8      | 5331 ||| Stepping ~*~*~tactically~*~*~ (outnumbered).
  5341 | D:8      | 5341 ||| FLEEEEING.
  5342 | D:8      | 5342 ||| STAIRDANCE
  5344 | D:7      | 5344 ||| INVOKING Fiery Armour.
  5348 | D:7      | Reached skill level 11 in Unarmed Combat
  5409 | D:8      | 5409 ||| Stepping ~*~*~tactically~*~*~ (stealth).
  5417 | D:8      | 5417 ||| Stepping ~*~*~tactically~*~*~ (hiding).
  5462 | D:8      | 5462 ||| FLEEEEING.
  5471 | D:8      | 5471 ||| STAIRDANCE
  5735 | D:8      | Reached skill level 12 in Unarmed Combat
  5773 | D:8      | 5773 ||| DRINKING 2 potions of curing.
  5773 | D:8      | 5773 ||| (to cure confusion)
  5777 | D:8      | 5777 ||| DRINKING potion of curing.
  5777 | D:8      | 5777 ||| (to cure confusion)
  5979 | D:8      | Noticed an elephant
  5980 | D:8      | 5980 ||| Stepping ~*~*~tactically~*~*~ (stealth).
  5997 | D:8      | Killed an elephant
  6019 | D:8      | 6019 ||| Stepping ~*~*~tactically~*~*~ (stealth).
  6030 | D:8      | Reached XP level 10. HP: 70/96 MP: 10/10
  6044 | D:8      | 6044 ||| INVOKING Fiery Armour.
  6142 | D:8      | Reached skill level 13 in Unarmed Combat
  6145 | D:8      | Found a staircase to the Lair.
  6298 | D:8      | 6298 ||| PLANNING LAIR
  6298 | D:8      | 6298 ||| UPGRADING to +0 kite shield.
  6303 | D:8      | 6303 ||| READING scroll labelled XIXARA REYTO.
  6304 | D:8      | 6304 ||| READING 5 scrolls of identify.
  6304 | D:8      | 6304 ||| IDENTIFYING bubbling grey potion
  6337 | Lair:1   | Entered Level 1 of the Lair of Beasts
  6356 | Lair:1   | 6356 ||| Stepping ~*~*~tactically~*~*~ (stealth).
  6369 | Lair:1   | Reached skill level 1 in Shields
  6369 | Lair:1   | 6369 ||| Stepping ~*~*~tactically~*~*~ (stealth).
  6615 | Lair:1   | Noticed a five-headed hydra
  6616 | Lair:1   | 6616 ||| INVOKING Fiery Armour.
  6622 | Lair:1   | Killed an eight-headed hydra
  6623 | Lair:1   | Reached skill level 3 in Shields
  6753 | Lair:1   | Noticed Urug
  6754 | Lair:1   | 6754 ||| Stepping ~*~*~tactically~*~*~ (hiding).
  6761 | Lair:1   | 6761 ||| INVOKING Fiery Armour.
  6767 | Lair:1   | HP: 19/96 [poisoned by Urug]
  6767 | Lair:1   | HP: 5/96 [Urug/+5 war axe of venom (14)]
  6768 | Lair:1   | 6768 ||| READING 2 scrolls of teleportation.
  6768 | Lair:1   | Succumbed to Urug's poison

Levels and vault maps discovered:
D:1:      lightli_iron_boxes, layout_loops_cross
D:2:      layout_basic
D:3:      layout_rooms, serial_shops, nicolae_shop_waterfront,
          hellmonk_ecumenical_altar_watching_god, hangedman_abyss_or_decor_stabs
D:4:      layout_cave_pods, minmay_temple_entry_junction_2, serial_shops,
          nicolae_shop_hallway_plus, nicolae_shop_unique_rings,
          eino_small_chamber_without_monster, grunt_decor_clamped,
          kennysheep_small_spiral, hangedman_decor_peaks_small, minmay_between
D:5:      layout_loops_ring, grunt_ministairs_1, saegor_snake_ambush, uniq_ijyb,
          uniq_pikel
D:6:      layout_cave_pools
D:7:      layout_rooms, chequers_garden
D:8:      layout_loops_ring, david_lair_generic, grunt_livestock
Lair:1:   layout_layer_cave, uniq_harold, uniq_urug

Skill      XL: |  1  2  3  4  5  6  7  8  9 10 |
---------------+-------------------------------+-----
Unarmed Combat | 4 5 6 7 8 10 12 13 | 13.2
Throwing       | 1 2 3 4 |  4.8
Fighting       | 5 |  5.0
Dodging        | 1 |  1.2
Shields        | 3 |  3.8
Spellcasting   | |  1.0
Fire Magic     | |  2.1

Action                   |  1- 3 |  4- 6 |  7- 9 | 10-12 || total
-------------------------+-------+-------+-------+-------++-------
Melee: Unarmed           |    81 |    77 |   197 |    45 ||   400
       Punch             |     1 |     2 |     8 |     2 ||    13
Throw: Boomerang         |     3 |    24 |     9 |    10 ||    46
       Large rock        |       |    17 |    24 |     4 ||    45
Invok: Fiery Armour      |     1 |     1 |     4 |     3 ||     9
  Use: Scroll            |     6 |     7 |     5 |     3 ||    21
       Potion            |     1 |     2 |     3 |       ||     6
Armor: Robe              |    26 |    18 |    49 |    16 ||   109
Dodge: Dodged            |    37 |    20 |    86 |    18 ||   161
Block: Kite shield       |       |       |       |     3 ||     3

Table legend:
 A = Non-vault XP
 B = Vault XP
 C = Vault XP percentage of total XP
 D = Non-vault monster count
 E = Vault monster count
 F = Vault count percentage of total count
                 A         B        C        D         E       F
            +---------+---------+-------+---------+---------+-------
      Total |    5339 |    2862 |  34.9 |     123 |      20 |  14.0
            +---------+---------+-------+---------+---------+-------
        D:1 |      12 |       0 |   0.0 |       7 |       0 |   0.0
        D:2 |      58 |       0 |   0.0 |      14 |       0 |   0.0
        D:3 |     109 |       0 |   0.0 |      26 |       0 |   0.0
        D:4 |     185 |       9 |   4.6 |       9 |       4 |  30.8
        D:5 |     624 |     851 |  57.7 |      16 |       7 |  30.4
        D:6 |      90 |       0 |   0.0 |       8 |       0 |   0.0
        D:7 |    1529 |       0 |   0.0 |      15 |       0 |   0.0
        D:8 |    1504 |    2002 |  57.1 |      21 |       9 |  30.0
     Lair:1 |    1228 |       0 |   0.0 |       7 |       0 |   0.0
            +---------+---------+-------+---------+---------+-------
